 Dungeon Crawl Stone Soup version 0.29.1-12-g30fa7ad0bf (webtiles) character file.

Game seed: 17570566828010231499

24 hawla the Chiller (level 3, -1/26 HPs)
             Began as a Meteoran Ice Elementalist on Dec 23, 2022.
             Slain by a scorpion zombie (5 damage)
             ... on level 4 of the Dungeon.
             The game lasted 00:01:57 (211 turns).

hawla the Chiller (Meteoran Ice Elementalist)        Turns: 211, Time: 00:01:57

Health: -1/26      AC:  2    Str:  9    XL:     3   Next: 32%
Magic:  8/8        EV: 12    Int: 18    God:
Gold:   44         SH:  0    Dex: 15    Spells: 3/7 levels left

rFire   . . .      SeeInvis .   f - +0 great sword
rCold   . . .      Faith    .   (shield currently unavailable)
rNeg    . . .      Spirit   .   a - +0 robe
rPois   .          Reflect  .   (no helmet)
rElec   .          Harm     .   (no cloak)
rCorr   .          Rampage  .   (no gloves)
Will    .....                   (no boots)
Stlth   +.........              (no amulet)
HPRegen 0.08/turn               (no ring)
MPRegen 0.11/turn               (no ring)

@: glowing
A: sense surroundings 1, otherworldly, glowing, explore regen
a: no special abilities


You were on level 4 of the Dungeon.
You visited 1 branch of the dungeon, and saw 4 of its levels.

You collected 44 gold pieces.

Inventory:

Hand Weapons
 f - a +0 great sword (weapon)
Armour
 a - a +0 robe (worn)
Potions
 b - a potion of magic
 d - a potion of curing


   Skills:
 + Level 0.4 Long Blades
 + Level 2.5 Dodging
 - Level 1.4 Stealth
 + Level 2.9 Spellcasting
 + Level 5.1 Ice Magic


You had 3 spell levels left.
You knew the following spells:

 Your Spells              Type           Power      Damage    Failure   Level
a - Freeze                Ice            84%        1d10      1%          1
b - Frozen Ramparts       Ice            42%        1d7       6%          3

Your spell library contained the following spells:

 Spells                   Type           Power      Damage    Failure   Level
 Ozocubu's Armour         Ice            21%        N/A       6%          3
 Hailstorm                Conj/Ice       11%        3d5       50%         4


Dungeon Overview and Level Annotations

Branches:
Dungeon (4/15) Zot: 2178
 Temple: D:4-7

Altars:


Innate Abilities, Weirdness & Mutations

You passively map a small area around you.
You are easily found by Zot.
You glow in the dark.
You regain HP and MP as you explore.


Message History

You hit the scorpion zombie but do no damage.
The scorpion zombie hits you.
You hit the scorpion zombie.
The scorpion zombie is lightly damaged.
The scorpion zombie closely misses you. x2
You slash the scorpion zombie!
The scorpion zombie is heavily damaged.
The scorpion zombie hits you. x2
You slash the scorpion zombie!
The scorpion zombie is almost destroyed.
The scorpion zombie hits you.
* * * LOW HITPOINT WARNING * * *
The scorpion zombie attacks as you move away!
The scorpion zombie hits you.
* * * LOW HITPOINT WARNING * * *
The scorpion zombie attacks as you move away!
The scorpion zombie hits you but does no damage.
A hobgoblin comes into view.
The hobgoblin shouts!
A ball python comes into view.
The ball python hisses angrily.
You hear a shout!
The scorpion zombie attacks as you move away!
The scorpion zombie closely misses you.
A hobgoblin comes into view.
You aren't carrying any scrolls.
The ball python bites you.
* * * LOW HITPOINT WARNING * * *
The ball python misses you.
The scorpion zombie attacks as you move away!
The scorpion zombie misses you. The hobgoblin hits you.
* * * LOW HITPOINT WARNING * * *
A hobgoblin comes into view.
The ball python bites you.
* * * LOW HITPOINT WARNING * * *
The ball python grabs you. The ball python constricts you.
* * * LOW HITPOINT WARNING * * *
You escape the ball python's grasp.
The scorpion zombie attacks as you move away!
The scorpion zombie hits you.
You die...

#..~. #..##..# ...#.~~~
#......## ##.# ..~~Z *
##.......### #..#*#..~~
, , , ##..........###.#
#.~~~ *
................## #..~.
...........#.....###....
........g..#.......#....
.......@S...............
........Zg.......##.....
,
............#....###....
, ,
............##...###....
.g..........###..#......
............# #.........
............# ...####...
.............,..## ##..
* . ##.


You could see a scorpion zombie, 3 hobgoblins and a ball python.

Vanquished Creatures
  2 adder zombies (D:4)
  An adder skeleton (D:4)
  A dart slug (D:2)
  A ball python (D:2)
  2 endoplasms (D:2)
  2 kobolds
  A quokka (D:2)
  A frilled lizard (D:2)
  A rat (D:2)
12 creatures vanquished.

Notes
Turn   | Place    | Note
-------+----------+-------------------------------------------
     0 | D:1      | hawla the Meteoran Ice Elementalist began the quest for the
                  | Orb.
     0 | D:1      | Reached XP level 1. HP: 14/14 MP: 5/5
    82 | D:2      | Reached XP level 2. HP: 18/20 MP: 3/6
   128 | D:2      | Reached skill level 5 in Ice Magic
   174 | D:4      | Reached XP level 3. HP: 16/26 MP: 8/8
   185 | D:4      | Learned a level 3 spell: Frozen Ramparts
   211 | D:4      | Slain by a scorpion zombie

Illustrated notes

Levels and vault maps discovered:
D:1:      psy_arrival_heroes, layout_loops_ring,
          dreamdust_ecumenical_altar_hidden_monk_grotto
D:2:      layout_basic, basic_altar
D:3:      layout_basic, marbit_many_paths, uniq_robin, uniq_terence,
          uniq_grinder, uniq_sigmund, uniq_natasha
D:4:      layout_layer_cave, lemuel_mausoleum_altar_kikubaaqudgha,
          kennysheep_little_box, serial_undead, serial_undead_a,
          serial_undead_e, serial_undead_a, serial_undead_f

Skill      XL: |  1  2 |
---------------+-------+-----
Ice Magic      | 5 |  5.1
Long Blades    | |  0.4
Dodging        | |  2.5
Stealth        | |  1.4
Spellcasting   | |  2.9

Action                   || total
-------------------------++-------
Melee: Unarmed           ||     1
       Great sword       ||    18
 Cast: Freeze            ||    15
  Use: Scroll            ||     2
Armor: Robe              ||    11
Dodge: Dodged            ||    22
